 Dungeon Crawl Stone Soup version 0.27.1-2-g3b301248ec (webtiles) character file.

Game seed: 792828894473972683

5 Henske123 the Insei (level 1, 0/15 HPs)
             Began as a Demigod Transmuter on Sept 22, 2021.
             Slain by a goblin (2 damage)
             ... on level 1 of the Dungeon.
             The game lasted 00:04:21 (174 turns).

Henske123 the Insei (Demigod Transmuter)             Turns: 174, Time: 00:04:21

Health: 0/15       AC:  2    Str: 11    XL:     1   Next: 53%
Magic:  5/5        EV: 12    Int: 15    God:
Gold:   0          SH:  0    Dex: 14    Spells: 2/3 levels left

rFire    . . .     SeeInvis .   e - +0 trident
rCold    . . .     Faith    .   (no shield)
rNeg     . . .     Spirit   .   a - +0 robe
rPois    .         Reflect  .   (no helmet)
rElec    .         Harm     .   (no cloak)
rCorr    .         Rampage  .   (no gloves)
Will     .....                  (no boots)
Stlth    +.........             (no amulet)
HPRegen  0.05/turn              (no ring)
MPRegen  0.09/turn              (no ring)

@: no status effects
A: high mp 1, forlorn
a: no special abilities


You were on level 1 of the Dungeon.
You visited 1 branch of the dungeon, and saw 1 of its levels.

Inventory:

Hand Weapons
 b - a +0 club
 c - a +0 club
 e - a +0 trident (weapon)
Missiles
 d - 25 bolts
Armour
 a - a +0 robe (worn)


   Skills:
 + Level 0.8 Fighting
 + Level 1.8 Dodging
 + Level 3.0 Unarmed Combat
 + Level 1.8 Spellcasting
 + Level 1.8 Transmutations


You had 2 spell levels left.
You knew the following spells:

 Your Spells              Type           Power      Damage    Failure   Level
a - Beastly Appendage     Tmut           12%        N/A       11%         1

Your spell library contained the following spells:

 Spells                   Type           Power      Damage    Failure   Level
 Wereblood                Tmut           6%         N/A       16%         2
 Spider Form              Tmut/Pois      2%         N/A       43%         3
 Ice Form                 Ice/Tmut       4%         N/A       83%         4


Dungeon Overview and Level Annotations

Branches:
Dungeon (1/15)


Innate Abilities, Weirdness & Mutations

Your attributes grow dramatically as you level up.
You have an increased reservoir of magic. (+10% MP)
You shall have no god before yourself.


Message History

You hit the hobgoblin.
The hobgoblin is lightly wounded.
The hobgoblin hits you.
You puncture the hobgoblin!
You kill the hobgoblin!
You see here a hobgoblin corpse.
You see here a hobgoblin corpse.
Unknown command.
A kobold comes into view. It is wielding a +0 dagger.
The kobold shouts!
A frilled lizard comes into view.
A goblin comes into view. It is wielding a +0 dagger.
The goblin shouts!
The frilled lizard hisses angrily.
The kobold closely misses you.
You closely miss the kobold. The kobold closely misses you.
A kobold comes into view. It is wielding a +0 dagger.
You closely miss the kobold. The kobold hits you with a +0 dagger.
You barely miss the kobold. The kobold closely misses you.
The kobold hits you with a +0 dagger.
You puncture the kobold!
You kill the kobold!
The frilled lizard barely misses you. The goblin barely misses you.
The frilled lizard misses you.
Your Unarmed Combat skill increases to level 3!
You closely miss the frilled lizard. The goblin barely misses you.
The frilled lizard bites you but does no damage.
The goblin barely misses you.
You barely miss the frilled lizard. The frilled lizard bites you.
The goblin hits you with a +0 dagger.
You miss the frilled lizard.
The frilled lizard bites you but does no damage.
The goblin hits you with a +0 dagger. The frilled lizard closely misses you.
You completely miss the frilled lizard. The goblin hits you with a +0 dagger.
* * * LOW HITPOINT WARNING * * *
The frilled lizard bites you.
* * * LOW HITPOINT WARNING * * *
You barely miss the frilled lizard. The goblin barely misses you.
The frilled lizard bites you but does no damage.
The goblin hits you with a +0 dagger.
You die...

######## #......#
#......# #......#
############......#
..................#
#.......####......#
......l@# #......#
......g)# #......#
.....K..# #†.....#
........# #..>...#
........# ##...####
........###....#
........##.....# .
........#..#..## #.
.....##.##


You could see a goblin, a kobold and a frilled lizard.

Vanquished Creatures
  A bat (D:1)
  A goblin (D:1)
  A hobgoblin (D:1)
  A kobold (D:1)
4 creatures vanquished.

Notes
Turn   | Place    | Note
-------+----------+-------------------------------------------
     0 | D:1      | Henske123 the Demigod Transmuter began the quest for the
                  | Orb.
     0 | D:1      | Reached XP level 1. HP: 15/15 MP: 5/5
   170 | D:1      | Reached skill level 3 in Unarmed Combat
   174 | D:1      | Slain by a goblin

Illustrated notes

Levels and vault maps discovered:
D:1:      dpeg_arrival_tiny_d, layout_rooms, basic_ecumenical_altar

Skill      XL: |  1 |
---------------+----+-----
Unarmed Combat | 3 |  3.0
Fighting       | |  0.8
Dodging        | |  1.8
Spellcasting   | |  1.8
Transmutations | |  1.8

Action                   || total
-------------------------++-------
Melee: Trident           ||    11
       Unarmed           ||     7
Armor: Robe              ||     5
Dodge: Dodged            ||    24
